 Dungeon Crawl Stone Soup version 0.26-a0-191-g4694d0f (webtiles) character file.

Game seed: 12369645935772069217

22 kpopham the Grave Robber (level 2, -1/19 HPs)
             Began as a Demonspawn Necromancer on July 3, 2020.
             Slain by a worm (4 damage)
             ... on level 2 of the Dungeon on July 4, 2020.
             The game lasted 00:14:15 (1660 turns).

kpopham the Grave Robber (Demonspawn Necromancer)   Turns: 1660, Time: 00:14:15

Health: -1/19      AC:  7    Str:  8    XL:     2   Next: 68%
Magic:  0/5        EV: 10    Int: 16    God:
Gold:   78         SH:  0    Dex: 13    Spells: 4/5 levels left

rFire    . . .     SeeInvis .   b - +0 mace
rCold    + . .     Faith    .   (no shield)
rNeg     . . .     Spirit   .   d - +2 ring mail {rC+}
rPois    .         Reflect  .   (helmet restricted)
rElec    .         Harm     .   (no cloak)
rCorr    .                      (no gloves)
MR       .....                  (no boots)
Stlth    +.........             (no amulet)
HPRegen  0.06/turn              (no ring)
MPRegen  0.09/turn              (no ring)

@: no status effects
A: horns 1
a: no special abilities


You were on level 2 of the Dungeon.
You were not hungry.

You visited 1 branch of the dungeon, and saw 2 of its levels.

You collected 78 gold pieces.

Inventory:

Hand Weapons
 b - a +0 mace (weapon)
Armour
 a - a +0 robe
 d - a +2 ring mail of cold resistance (worn)
Scrolls
 g - a scroll of identify
 h - 2 scrolls of amnesia {unknown}
 i - a scroll of blinking {unknown}
Potions
 e - a potion of berserk rage {unknown}
Comestibles
 c - 2 rations


   Skills:
 + Level 0.1 Armour
 + Level 1.8 Dodging
 + Level 1.8 Stealth
 + Level 2.1 Spellcasting
 + Level 5.1 Necromancy


You had 4 spell levels left.
You knew the following spells:

 Your Spells              Type           Power        Failure   Level  Hunger
a - Pain                  Necr           ###.         8%          1    #......

Your spell library contained the following spells:

 Spells                   Type           Power        Failure   Level  Hunger
 Animate Skeleton         Necr           N/A          8%          1    #......
 Vampiric Draining        Necr           ###.......   22%         3    ###....
 Animate Dead             Necr           N/A          58%         4    #####..
 Agony                    Necr           ###.....     91%         5    ######.


Dungeon Overview and Level Annotations

Branches:
Dungeon (2/15)

Altars:


Innate Abilities, Weirdness & Mutations

You have a pair of small horns on your head.


Message History

The worm writhes in agony!
The worm bites you.
Casting: Pain (safe; 8% risk of failure)
Confirm with . or Enter, or press ? or * to list all spells.
You don't have enough magic to cast that spell.
Unknown command.
You hit the worm but do no damage.
The worm is severely wounded.
The worm closely misses you.
You hit the worm. Your headbutt misses the worm.
The worm is almost dead.
The worm bites you.
* * * LOW HITPOINT WARNING * * *
You hit the worm.
The worm is almost dead.
The worm bites you but does no damage.
You hit the worm.
The worm is almost dead.
A frilled lizard comes into view.
The worm bites you.
You die...

# .#
#######.#
##.. ....
#...##.#
#.<..#
#...##@#
##.#
#.w......
#.
###......
# #!##..
.# . .


"l You could see a worm and a frilled lizard (wandering).

Vanquished Creatures
  A leopard gecko (D:1)
  3 giant cockroaches (D:1)
  3 goblins (D:1)
  A hobgoblin (D:1)
  2 jackals (D:1)
  4 kobolds (D:1)
  4 bats
  2 rats (D:1)
20 creatures vanquished.

Notes
Turn   | Place    | Note
-------+----------+-------------------------------------------
     0 | D:1      | kpopham the Demonspawn Necromancer began the quest for the
                  | Orb.
     0 | D:1      | Reached XP level 1. HP: 13/13 MP: 3/3
    85 | D:1      | Upgraded the game from 0.26-a0-158-g66bac3c to
                  | 0.26-a0-191-g4694d0f
   588 | D:1      | Gained mutation: You have a pair of small horns on your
                  | head. [demonic ancestry]
   588 | D:1      | Reached XP level 2. HP: 16/19 MP: 0/5
   838 | D:1      | Reached skill level 5 in Necromancy
  1660 | D:2      | Slain by a worm

Illustrated notes

Levels and vault maps discovered:
D:1:      eino_arrival_tree_alley, layout_rooms, hex_large, minmay_pentomino_z2
D:2:      layout_loops_ring, old_standard_altar, lemuel_crystal_altar,
          first_ration, dk_vineyard_1

Skill      XL: |  1  2 |
---------------+-------+-----
Necromancy     | 5 |  5.1
Armour         | |  0.1
Dodging        | |  1.8
Stealth        | |  1.8
Spellcasting   | |  2.1

Action                   || total
-------------------------++-------
Melee: Unarmed           ||    13
       Mace              ||    11
       Headbutt          ||     1
 Cast: Pain              ||    34
  Use: Scroll            ||     1
  Eat: Ration            ||     1
Armor: Ring mail         ||    11
Dodge: Dodged            ||    31

Table legend:
 A = Non-vault XP
 B = Vault XP
 C = Vault XP percentage of total XP
 D = Non-vault monster count
 E = Vault monster count
 F = Vault count percentage of total count
                 A         B        C        D         E       F
            +---------+---------+-------+---------+---------+-------
      Total |      32 |       0 |   0.0 |      20 |       0 |   0.0
            +---------+---------+-------+---------+---------+-------
        D:1 |      30 |       0 |   0.0 |      19 |       0 |   0.0
        D:2 |       2 |       0 |   0.0 |       1 |       0 |   0.0
            +---------+---------+-------+---------+---------+-------
